 Dungeon Crawl Stone Soup version 0.31-a0-818-ge7c7cf74f0 (webtiles) character file.

Game seed: 7400844131012830991

5755 lunkers the Carver (level 11, -11/93 HPs)
             Began as a Meteoran Shapeshifter on Sept 22, 2023.
             Was a High Priest of Okawaru.
             Mangled by a death knight
             ... wielding a +4 broad axe
              (23 damage)
             ... on level 9 of the Dungeon.
             The game lasted 00:10:42 (3976 turns).

lunkers the Carver (Meteoran Shapeshifter)          Turns: 3976, Time: 00:10:42

Health: -11/93     AC: 10    Str: 16    XL:     11   Next: 26%
Magic:  16/17      EV: 20    Int: 11    God:    Okawaru [*****.]
Gold:   261        SH:  7    Dex: 19    Spells: 10/10 levels left

rFire   + + .        a - +12 long sword "Begehy" {speed, rElec}
rCold   . . .        u - +0 buckler
rNeg    . . .        C - +0 steam dragon scales
rPois   .            E - +0 helmet of Patterns {rF++}
rElec   +            (no cloak)
rCorr   .            (no gloves)
SInv    .            y - +2 pair of boots
Will    +....        (no amulet)
Stlth   ++           (no ring)
HPRegen 0.35/turn    (no ring)
MPRegen 0.15/turn

%: no passive effects
@: about to teleport, heroic, glowing
A: sense surroundings 2, otherworldly, glowing, explore regen
a: Renounce Religion, Heroism, Finesse, Duel


You were on level 9 of the Dungeon.
You worshipped Okawaru.
Okawaru was extremely pleased with you.
You visited 1 branch of the dungeon, and saw 9 of its levels.

You collected 489 gold pieces.
You spent 228 gold pieces at shops.

Inventory:

Hand Weapons
 a - the +12 long sword "Begehy" (weapon) {speed, rElec}
   (You found it on level 3 of the Dungeon)

   rElec:     It insulates you from electricity.
 q - a +3 spear
Missiles
 n - 2 throwing nets
 A - 4 boomerangs
Armour
 i - a +1 robe of fire resistance
 u - a +0 buckler (worn)
 y - a +2 pair of boots (worn)
 C - +0 steam dragon scales (worn)
 E - the +0 helmet of Patterns (worn) {rF++}
   (You bought it in a shop on level 9 of the Dungeon)

   rF++:      It greatly protects you from fire.
Jewellery
 w - an amulet of guardian spirit
Talismans
 c - a beast talisman
 d - a flux talisman
 l - a maw talisman
Wands
 j - a wand of iceblast (35)
 o - a wand of quicksilver (29)
 r - a wand of flame (42)
Scrolls
 g - 2 scrolls of teleportation
 h - a scroll of vulnerability
 m - a scroll of poison
 p - 4 scrolls of fear
 t - 2 scrolls of enchant armour
 B - a scroll of fog
Potions
 b - 2 potions of lignification
 e - a potion of brilliance {unknown}
 f - 3 potions of ambrosia {unknown}
 k - 5 potions of curing
 s - a potion of resistance {unknown}
 v - a potion of degeneration {unknown}
 x - 2 potions of invisibility {unknown}
 z - a potion of enlightenment {unknown}
 D - a potion of attraction {unknown}


   Skills:
 + Level 7.6(12.6) Fighting
 + Level 11.4(16.4) Long Blades
 + Level 7.9(12.9) Dodging
 - Level 3.0(8.0) Shields
 - Level 5.6(10.6) Unarmed Combat
 + Level 7.1 Invocations
 - Level 4.5 Shapeshifting


You had 10 spell levels left.
You didn't know any spells.
Your spell library contained the following spells:

 Spells                   Type           Power      Damage    Failure   Level
 Apportation              Tloc           0%         N/A       41%         1
 Necrotise                Necr           0%         1d4       41%         1
 Inner Flame              Hex/Fire       0%         N/A       78%         3
 Stone Arrow              Conj/Erth      0%         3d7       78%         3
 Vhi's Electric Charge    Tloc/Air       0%         N/A       99%         4
 Arcjolt                  Conj/Air       0%         1d10      100%        5
 Yara's Violent Unravell  Hex/Tmut       0%         3d3       100%        5
 Plasma Beam              Fire/Air       0%         2x1d10    100%        6
 Enfeeble                 Hex            0%         N/A       100%        7
 Lehudib's Crystal Spear  Conj/Erth      0%         10d2      100%        8
 Summon Small Mammal      Summ           Unusable   N/A       N/A         1
 Animate Armour           Summ/Erth      Unusable   N/A       N/A         4

Dungeon Overview and Level Annotations

Branches:
Dungeon (9/15) Zot: 1554
 Temple: D:4-7         Lair: D:8-11         Orc: D:9-12

Altars:
Ashenzari
Cheibriados
Dithmenos
Hepliaklqana
Okawaru
Sif Muna
Trog
Vehumet
Yredelemnul
Zin

Shops:
D:2 (   D:6 ?   D:9 [

Annotations:
D:6 1 runed translucent door, Joey1's ghost, amateur MiFi


Innate Abilities, Weirdness & Mutations

You passively map the area around you.
You are easily found by Zot.
You glow in the dark.
You regain HP and MP as you explore.


Message History

You block the death knight's attack.
Unknown command.
You slash the death knight!
The death knight is lightly wounded.
Unknown command.
You hit the death knight.
The death knight is moderately wounded.
The death knight offers itself to Yredelemnul, and fills with unholy energy.
Unknown command.
You hit the death knight.
The death knight is moderately wounded.
The death knight reflects your damage back at you!
* * * LOW HITPOINT WARNING * * *
Unknown command.
You closely miss the death knight.
The death knight is moderately wounded.
The death knight hits you with a +4 broad axe!!
* * * LOW HITPOINT WARNING * * *
Unknown command.
You slash the death knight!
The death knight is moderately wounded.
The death knight reflects your damage back at you!
* * * LOW HITPOINT WARNING * * *
Unknown command.
Okay, then.
Okay, then.
Okay, then.
You slash the death knight!
The death knight is heavily wounded.
The death knight reflects your damage back at you!
* * * LOW HITPOINT WARNING * * *
You block the death knight's attack.
You hit the death knight.
The death knight is severely wounded.
The death knight reflects your damage back at you!
* * * LOW HITPOINT WARNING * * *
As you read the scroll of teleportation, it crumbles to dust.
You feel strangely unstable.
The death knight hits you with a +4 broad axe!!
You die...

#..........#####......
#..##.#..##.##...###.#
#..#..#)#....#..#.[...
#..####..#####.#.##.##
#...#.##...#..#.#[....
#..#.###.##.##.#..####
#..........#..#....###
#..###'###.###........
#..#P@..P#...####.##..
#[.#p###.#..###.##.#.#
#..#.#$#.#.####...#)##
#..#.#+#.#..##)#......
, #P...P#.#....###..#
,#######.##.##......
.......)........ **
########........
#########


You could see a death knight (reflects damage).

Vanquished Creatures
  A tengu warrior (D:9)
  Pikel (D:5)
  An ugly thing (D:9)
  Maggie (D:8)
  A hornet (D:8)
  A troll (D:9)
  A yak (D:9)
  A steam dragon (D:9)
  3 water moccasins
  4 orc warriors
  A sky beast (D:7)
  A black bear (D:5)
  3 ogres
  4 centaurs
  A lemure (D:5)
  2 phantoms
  2 bullfrogs
  3 kobold brigands
  A gnoll sergeant (D:5)
  3 scorpions
  5 wights (D:8)
  6 howler monkeys
  3 hounds
  3 jellies
  3 orc priests (D:8)
  3 iguanas
  A sleepcap (D:5)
  5 orc wizards
  9 gnolls
  9 adders
  A shadow imp (D:8)
  2 ufetubi (D:5)
  3 worms (D:4)
  2 dart slugs
  18 orcs
  5 endoplasms
  3 giant cockroaches
  5 goblins
  4 hobgoblins
  8 jackals
  18 kobolds
  2 quokkas
  A ball python (D:1)
  4 bats
  4 rats
163 creatures vanquished.

Notes
Turn   | Place    | Note
-------+----------+-------------------------------------------
     0 | D:1      | lunkers the Meteoran Shapeshifter began the quest for the
                  | Orb.
     0 | D:1      | Reached XP level 1. HP: 16/16 MP: 2/2
   182 | D:1      | Reached XP level 2. HP: 23/23 MP: 3/3
   282 | D:2      | Found Epabups's Antique Weapon Boutique.
   459 | D:2      | Reached XP level 3. HP: 18/28 MP: 4/4
   767 | D:2      | Found a basalt altar of Yredelemnul.
   820 | D:2      | Reached skill level 5 in Unarmed Combat
   820 | D:2      | Reached XP level 4. HP: 28/35 MP: 5/5
   825 | D:2      | Found a faded altar of an unknown god.
   840 | D:2      | Prayed at the altar of an unknown god.
   840 | D:2      | Became a worshipper of Warmaster Okawaru
   840 | D:2      | Reached * piety under Okawaru
   957 | D:3      | Reached XP level 5. HP: 18/40 MP: 6/6
  1190 | D:3      | Identified the +12 long sword "Begehy" {speed, rElec}
  1389 | D:4      | Reached skill level 1 in Invocations
  1460 | D:4      | Reached skill level 1 in Long Blades
  1552 | D:4      | Reached skill level 2 in Long Blades
  1552 | D:4      | Reached XP level 6. HP: 33/47 MP: 7/9
  1561 | D:4      | Reached skill level 3 in Long Blades
  1682 | D:5      | Entered Level 5 of the Dungeon
  1682 | D:5      | Noticed a water moccasin
  1689 | D:5      | Killed a water moccasin
  1689 | D:5      | Reached ** piety under Okawaru
  1690 | D:5      | Reached skill level 5 in Long Blades
  1690 | D:5      | Reached XP level 7. HP: 45/52 MP: 10/10
  1708 | D:5      | Reached skill level 6 in Long Blades
  1722 | D:5      | Noticed Pikel
  1733 | D:5      | Killed Pikel
  1733 | D:5      | Reached *** piety under Okawaru
  1734 | D:5      | Reached skill level 8 in Long Blades
  1734 | D:5      | Reached XP level 8. HP: 8/62 MP: 8/11
  1863 | D:5      | Identified the +4 spear of Meliupt {flame, Fragile rF++
                  | rN+}
  2092 | D:5      | Gained mutation: You passively map the area around you.
                  | [Meteoran growth]
  2092 | D:5      | Reached XP level 9. HP: 58/70 MP: 12/12
  2235 | D:5      | Reached **** piety under Okawaru
  2236 | D:5      | Reached skill level 1 in Shields
  2308 | D:5      | Found a basalt altar of Yredelemnul.
  2370 | D:6      | Noticed Joey1's ghost (amateur MiFi)
  2379 | D:6      | Found a runed translucent door.
  2394 | D:6      | Reached skill level 9 in Long Blades
  2405 | D:6      | Identified the +2 ring mail of Qiw Xyd {*Slow Will++ Slay+3
                  | SInv}
  2483 | D:6      | Found a hazy altar of Hepliaklqana.
  2524 | D:6      | Found Lyubuteb's Magic Scroll Shop.
  2602 | D:6      | Reached skill level 5 in Dodging
  2738 | D:7      | Found a radiant altar of Vehumet.
  2835 | D:7      | Found a glowing silver altar of Zin.
  2889 | D:7      | Reached skill level 5 in Fighting
  3050 | D:7      | Found a snail-covered altar of Cheibriados.
  3073 | D:7      | Reached ***** piety under Okawaru
  3074 | D:7      | Reached XP level 10. HP: 81/81 MP: 13/13
  3096 | D:7      | Found a shimmering blue altar of Sif Muna.
  3292 | D:8      | Reached skill level 10 in Long Blades
  3379 | D:8      | Found a shadowy altar of Dithmenos.
  3380 | D:8      | Found a broken altar of Ashenzari.
  3414 | D:8      | Received a gift from Okawaru
  3430 | D:8      | Found a bloodstained altar of Trog.
  3460 | D:8      | Reached skill level 5 in Invocations
  3493 | D:8      | Noticed Maggie
  3515 | D:8      | Killed Maggie
  3684 | D:9      | Noticed a white ugly thing
  3684 | D:9      | Noticed a tengu warrior
  3693 | D:9      | Killed a white ugly thing
  3694 | D:9      | Reached skill level 11 in Long Blades
  3704 | D:9      | Killed a tengu warrior
  3705 | D:9      | Reached XP level 11. HP: 13/92 MP: 13/16
  3751 | D:9      | Received a gift from Okawaru
  3785 | D:9      | Found Joilium's Antique Armour Shoppe.
  3790 | D:9      | Bought an encrusted helmet for 228 gold pieces
  3790 | D:9      | Identified the +0 helmet of Patterns {rF++} (You bought it
                  | in a shop on level 9 of the Dungeon)
  3960 | D:9      | Noticed a death knight
  3976 | D:9      | Mangled by a death knight

Illustrated notes

Levels and vault maps discovered:
D:1:      ldierk_walled_garden_2, layout_basic, serial_aquarium,
          aquarium_bridge_straight [aquarium_subvault_bridge,
          aquarium_subvault_balcony, aquarium_subvault_bridge,
          aquarium_subvault_wall], aquarium_bridge_square
          [aquarium_subvault_bridge, aquarium_subvault_wall,
          aquarium_subvault_wall, aquarium_subvault_wall], aquarium_window_fake,
          aquarium_window_fake, aquarium_view_4, aquarium_view_2b,
          aquarium_pool_2
D:2:      layout_loops_corners, serial_shops, shop, basic_altar,
          ebering_ecumenical_altar_mist
D:3:      layout_loops_ring
D:4:      kennysheep_big_flooded_room, layout_basic
D:5:      layout_basic, mainiacjoe_overflow_cross_hatched,
          minmay_chambers_of_fives, uniq_pikel
D:6:      layout_loops_ring, overflow_temple_1_default,
          hellmonk_ghost_happy_afterlife, serial_shops, nicolae_stop_n_shop_1,
          hangedman_feature_mirror
D:7:      layout_gridville, vehumet_altar_wand_db, lemuel_tele_altar,
          lemuel_doored_altar, mainiacjoe_overflow_24_doors, temple_fountains,
          hangedman_abyss_or_decor_lesser_grid, minmay_manual_monstrance
D:8:      layout_rooms, trog_wizard, chequers_temple_overflow_statue_of_worship,
          lightli_church_of_beogh, uniq_maggie
D:9:      layout_loops_ring, serial_shops, kennysheep_little_box,
          minmay_shattered_shrine

Skill      XL: |  1  2  3  4  5  6  7  8  9 10 11 |
---------------+----------------------------------+-----
Unarmed Combat | 4 5 |  5.6
Shapeshifting  | 4 |  4.5
Invocations    | 2 3 6 7 |  7.1
Long Blades    | 2 5 8 9 11 | 11.4
Fighting       | 2 3 5 7 |  7.6
Dodging        | 3 5 7 |  7.9
Shields        | 3 |  3.0

Action                     |  1- 3 |  4- 6 |  7- 9 | 10-12 || total
---------------------------+-------+-------+-------+-------++-------
  Melee: Unarmed           |    62 |    38 |       |       ||   100
         Punch             |     1 |     3 |     2 |       ||     6
         Long sword        |       |    54 |   134 |   163 ||   351
 Invoke: Heroism           |       |       |     3 |     2 ||     5
    Use: Scroll            |       |     5 |     5 |     3 ||    13
 Armour: Animal skin       |     1 |       |       |       ||     1
         Robe              |    33 |    45 |    48 |    19 ||   145
         Steam dragon scal |       |       |       |    37 ||    37
  Dodge: Dodged            |    30 |    70 |    57 |    77 ||   234
  Block: Buckler           |       |       |    14 |    24 ||    38
         Form:             |       |       |     1 |       ||     1

Table legend: (Time is in decaauts)
 A = Elapsed time spent in this place.
 B = Non-inter-level travel time spent in this place.
 C = Inter-level travel time spent in this place.
 D = Time resting spent in this place.
 E = Time spent auto-exploring this place.
 F = Levels seen in this place.
 G = Mean time per level.
                   A        B        C        D        E       F      G
               +--------+--------+--------+--------+--------+-----+--------+
         Total |   3844 |   3676 |    168 |      0 |   2641 |   9 |  427.1 |
       Dungeon |   3844 |   3676 |    168 |      0 |   2641 |   9 |  427.1 |
               +--------+--------+--------+--------+--------+-----+--------+

Top non-repeatable levels by time:
     D:2: 590 daAuts
     D:7: 555 daAuts
     D:5: 553 daAuts
     D:3: 496 daAuts
     D:4: 380 daAuts
     D:6: 357 daAuts
     D:8: 328 daAuts
     D:9: 301 daAuts
     D:1: 280 daAuts
